 Dungeon Crawl Stone Soup version 0.25-a0-435-g4b9beb1024 (webtiles) character file.

Game seed: 9656256587227771067, levelgen mode: deterministic

86 Esekla the Ducker (level 4, 0/23 HPs)
             Began as a Spriggan Abyssal Knight on Jan 29, 2020.
             Was a Believer of Lugonu.
             Killed from afar by an orc wizard (7 damage)
             ... with a magic dart
             ... on level 3 of the Dungeon.
             The game lasted 00:21:37 (3400 turns).

Esekla the Ducker (Spriggan Abyssal Knight)         Turns: 3400, Time: 00:21:38

Health: 0/23       AC:  2    Str:  8    XL:     4   Next: 27%
Magic:  7/7        EV: 19    Int: 14    God:    Lugonu [**....]
Gold:   312        SH:  0    Dex: 15    Spells: 6/6 levels left

rFire    + . .     SeeInvis +   a - +1 short sword
rCold    + . .     Gourm    .   (shield restricted)
rNeg     . . .     Faith    .   b - +0 robe
rPois    .         Spirit   .   (helmet restricted)
rElec    .         Reflect  .   g - scarf {rC+ rF+}
rCorr    .         Harm     .   (gloves unavailable)
MR       .....                  (boots unavailable)
Stlth    +.........             (no amulet)
HPRegen  0.07/turn              (no ring)
MPRegen  0.10/turn              (no ring)

@: very quick
A: very small, unfitting armour, see invisible, herbivore, speed 3, slow
metabolism 2
a: Depart the Abyss, Bend Space, Renounce Religion


You were on level 3 of the Dungeon.
You worshipped Lugonu.
Lugonu was pleased with you.
You were not hungry.

You visited 1 branch of the dungeon, and saw 4 of its levels.
You visited the Abyss 1 time.

You collected 312 gold pieces.

Inventory:

Hand Weapons
 a - a +1 short sword (weapon)
 d - a +0 spear of freezing
Armour
 b - a +0 robe (worn)
 g - a scarf of resistance (worn)
 r - +0 ice dragon scales
Wands
 f - a wand of flame (24)
Scrolls
 h - a scroll of identify
 i - a scroll of vulnerability {unknown}
 j - a scroll of blinking {unknown}
 l - a scroll of enchant armour {unknown}
 n - a scroll of fear {unknown}
 p - 2 scrolls of teleportation
Potions
 e - a potion of lignification
 k - 2 potions of might
 m - a potion of heal wounds
 o - 2 potions of berserk rage
 q - a potion of flight
 s - 4 potions of curing
 t - a potion of ambrosia {unknown}
Comestibles
 c - 3 rations


   Skills:
 - Level 2.4 Fighting
 * Level 3.7 Short Blades
 + Level 1.6 Throwing
 + Level 4.1 Dodging
 + Level 0.2 Stealth
 + Level 1.7 Spellcasting
 + Level 1.7 Invocations


You had 6 spell levels left.
You didn't know any spells.
Your spell library was empty.

Dungeon Overview and Level Annotations

Branches:
Dungeon (4/15)
 Temple: D:4-7

Altars:
Wu Jian


Innate Abilities, Weirdness & Mutations

You are very small and have problems with some larger weapons.
You are too small for most types of armour.
You have supernaturally acute eyesight. (SInv)
You are a herbivore.
You cover ground extremely quickly.
You need to consume almost no food.


Message History

The orc wizard hits you but does no damage.
You closely miss the orc wizard.
The orc wizard is severely wounded.
You barely miss the orc wizard.
The orc wizard is severely wounded.
The orc wizard hits you with a +0 dagger.
You hit the orc wizard but do no damage.
The orc wizard is severely wounded.
The orc wizard misses you.
You hit the orc wizard but do no damage.
The orc wizard is severely wounded.
The orc wizard hits you with a +0 dagger.
You barely miss the orc wizard.
The orc wizard is severely wounded.
The orc wizard barely misses you.
You hit the orc wizard.
The orc wizard is almost dead.
The orc wizard points at you and mumbles some strange words.
The magic dart hits you!
You die...

#......)...........#..
#.#####.#######.##.###
#.# #.# #.##.# #.# #.#
#.##.# #.# #.#
#.##.### #.# #.#
#.##.... #.#
#.#######.######
#.#####o..............
#....@oo........#.....
#######.#########.####
#.##### #.# #. #.....#
#.###. #####.# #.....
#.# ####.# #.# #....
#.# #...# #.# #######


You could see an orc wizard and 2 orcs.

Vanquished Creatures
  2 adders
  2 worms
  2 dart slugs (D:1)
  A leopard gecko (D:1)
  2 orcs
  5 bats
  2 giant cockroaches
  6 goblins (D:1)
  9 hobgoblins
  2 ball pythons (D:2)
  9 frilled lizards
  9 kobolds
  6 rats
57 creatures vanquished.

Vanquished Creatures (others)
  A frilled lizard (D:1)
1 creature vanquished.

Grand Total: 58 creatures vanquished

Notes
Turn   | Place    | Note
-------+----------+-------------------------------------------
     0 | Abyss:1  | Esekla the Spriggan Abyssal Knight began the quest for the
                  | Orb.
     0 | Abyss:1  | Reached XP level 1. HP: 11/11 MP: 3/3
    55 | Abyss:1  | Noticed an apocalypse crab
    90 | Abyss:2  | Noticed a large abomination
   108 | Abyss:2  | Noticed a small abomination
   154 | Abyss:2  | Noticed a spiny frog skeleton
   158 | Abyss:2  | Noticed a small abomination
   172 | Abyss:2  | Noticed an elephant
   185 | Abyss:2  | Noticed a large abomination
   188 | Abyss:2  | Noticed a lindwurm
   188 | Abyss:2  | an elephant changed into a lindwurm
   245 | Abyss:3  | Noticed a large abomination
   251 | Abyss:3  | Noticed a ynoxinul
   283 | Abyss:3  | Noticed a freezing wraith
   318 | Abyss:3  | Noticed a tentacled starspawn
   321 | Abyss:3  | Noticed a bone dragon
   334 | Abyss:3  | Noticed a wretched star
   335 | Abyss:3  | Noticed a large abomination
   335 | Abyss:3  | Noticed a small abomination
   336 | Abyss:3  | Noticed a flying skull
   336 | Abyss:3  | Noticed a flying skull
   337 | D:1      | Escaped the Abyss
   733 | D:1      | Reached XP level 2. HP: 11/16 MP: 4/4
   750 | D:1      | Reached skill level 1 in Spellcasting
   814 | D:1      | Reached * piety under Lugonu
   823 | D:1      | Reached skill level 4 in Dodging
   940 | D:1      | Reached skill level 1 in Throwing
  1017 | D:1      | Reached XP level 3. HP: 14/19 MP: 5/5
  2438 | D:3      | Reached ** piety under Lugonu
  2461 | D:3      | Found an ornate altar of the Wu Jian Council.
  2633 | D:3      | Reached XP level 4. HP: 16/23 MP: 7/7
  3400 | D:3      | Killed from afar by an orc wizard

Levels and vault maps discovered:
D:1:      wheals_arrival_shading, layout_loops_ring
D:2:      layout_basic
D:3:      layout_basic, lemuel_doored_altar, first_ration
D:4:      cheibrodos_barr_body, layout_cave_pools,
          chequers_temple_overflow_minitemple, st_stairs_14,
          minmay_tree_intersection, chequers_jeans

Skill      XL: |  1  2  3 |
---------------+----------+-----
Spellcasting   | 1 |  1.7
Dodging        | 4 |  4.1
Throwing       | 1 |  1.6
Short Blades   | 3 |  3.7
Fighting       | |  2.4
Stealth        | |  0.2
Invocations    | |  1.7

Action                   |  1- 3 |  4- 6 || total
-------------------------+-------+-------++-------
Melee: Short sword       |   135 |    53 ||   188
Throw: Boomerang         |    59 |       ||    59
Invok: Depart the Abyss  |     1 |       ||     1
  Use: Scroll            |     8 |     1 ||     9
 Stab: Sleeping          |     3 |     2 ||     5
Armor: Robe              |     8 |     7 ||    15
       Ice dragon scales |     3 |       ||     3
Dodge: Dodged            |   110 |    34 ||   144

Table legend:
 A = Non-vault XP
 B = Vault XP
 C = Vault XP percentage of total XP
 D = Non-vault monster count
 E = Vault monster count
 F = Vault count percentage of total count
                 A         B        C        D         E       F
            +---------+---------+-------+---------+---------+-------
      Total |     124 |       0 |   0.0 |      57 |       0 |   0.0
            +---------+---------+-------+---------+---------+-------
        D:1 |      50 |       0 |   0.0 |      29 |       0 |   0.0
        D:2 |      38 |       0 |   0.0 |      17 |       0 |   0.0
        D:3 |      36 |       0 |   0.0 |      11 |       0 |   0.0
            +---------+---------+-------+---------+---------+-------
